AoeStats
← Bandolero

Arabia

507819059Analyzed
1v1 RM · 12d ago on Sep 19, 2026· 18m 52s· 2 players
Game mode
Random Map
Map size
Tiny (2 player)
Population
200
Speed
Normal
Resources
Standard
Victory
Conquest
Starting age
Dark Age
Ending age
Imperial Age
RankedLock teamsTeams togetherTeam positionsShared explorationLock speedFull tech treeHidden civsTurbo modeCheats
Victory
Defeat
🇪🇸 Mongols · Spain
1417
+16
🇦🇷 Maya · Argentina
1408
-16
Bandolero
0:26 Loom
9:25 Feudal Age
17:37 Double-Bit Axe
TdB.Ket
10:54 Loom
12:40 Feudal Age
16:46 Castle Age
15:44 Fletching
15:42 Double-Bit Axe
17:18 Crossbowman
18:04 Bodkin Arrow
Connection lost

Rejoining the realm…

Still unreachable

The connection could not be restored.

Session expired

The server has moved on; the page needs a fresh start.